Description

Reaper FE

  • 11 depot
  • 12 rax
      1. Reaper
      1. Marine
      1. Reactor
  • 12 gas
  • 16 reaper + orbital
  • 17 marine
  • 18 CC
  • 19 2nd depot
  • 20 reactor
  • 21 Factory + 2nd gas
  • Starport

Tip: Go reactor first and you can build widow mines or hellions from the factory whilst barracks pumps marines, add medivac, do your standard pressure and then go 3-rax from there exactly like any 12 worker build.

VOD

https://www.youtube.com/watch?v=Gwt8_wOuU0w

Replay - PiG TvP 8 worker opening

Build Order

Get SALT Encoding   

  8  0:00  SCV  
  9  0:13  SCV  
  10  0:25  SCV  
  11  0:28  Supply Depot  
  11  0:37  SCV  
  12  0:51  Barracks  
  12  0:58  Refinery  
  12  1:02  SCV  
  13  1:14  SCV  
  14  1:27  SCV  
  15  1:40  Reaper, Orbital Command  
  16  2:06  SCV  
  17  2:12  Marine  
  17  2:15  Command Center  
  18  2:18  SCV  
  19  2:25  Supply Depot  
  19  2:30  SCV  
  19  2:34  Barracks Reactor  
  20  2:42  SCV  
  21  2:54  Factory, SCV  
  22  2:59  Refinery  
  22  3:06  SCV  
  22  3:10  Marine x2  
  25  3:19  SCV  
  26  3:27  Orbital Command  
  26  3:29  Marine x2  
  26  3:31  SCV  
  29  3:40  Starport  
  29  3:41  Widow Mine  
  31  3:43  SCV  
  32  3:51  Marine x2  
  32  3:53  SCV x2  
  36  3:58  Bunker  
  36  4:05  Widow Mine, SCV x2  
  40  4:10  Supply Depot  
  41  4:17  Medivac  
  41  4:23  Supply Depot  
  42  4:28  Factory Tech Lab  
  42  4:31  Marine x2, SCV x2  
  42  4:33  Supply Depot  
  46  4:43  SCV x2  
  48  4:48  Barracks x2  
  48  4:52  Siege Tank  
  51  4:55  Starport Tech Lab  
  51  4:56  SCV, Marine  
  53  5:05  SCV x2  
  54  5:09  Marine  
  54  5:11  Supply Depot  
  56  5:17  SCV x2  
  58  5:25  Marine x2  
  60  5:29  SCV x2  
  60  5:40  Engineering Bay  
  60  5:41  Refinery, SCV x2  
  60  5:42  Raven  
  63  5:43  Barracks Tech Lab  
  63  5:48  Refinery  
  64  5:50  Stimpack  
  64  5:51  Marine x3  
  64  5:53  SCV x2  
  64  5:55  Supply Depot  
  69  6:04  Factory Reactor  
  69  6:05  Terran Infantry Weapons Level 1, SCV  
  69  6:07  Combat Shield  
  69  6:08  Marauder  
  69  6:09  Marine x2  
  74  6:18  Supply Depot x2  
  74  6:21  Marauder  
  76  6:29  Marauder  
  76  6:30  Marine  
  79  6:42  Supply Depot x2, Marauder  
  79  6:46  Medivac x2  
  85  6:53  Marine x2, Marauder  
  89  6:57  Factory Reactor  
  89  7:03  Marine, Barracks x2  
  89  7:05  Supply Depot x2  
  90  7:11  Marine x2  
  90  7:15  Marauder  
  94  7:21  Marauder  
  96  7:26  Medivac x2  
  96  7:29  Marine  
  101  7:36  Supply Depot x2  
Spawning Tool Build Advisor. Get it on Overwolf

Go to:

Details

  • Created by: amentini
  • Published on: Jun 25, 2026
  • Modified on: Jun 25, 2026
  • Patch: 5.0.16
  • Difficulty: Medium
Show
View Real Time Build Order
Export as new Build Order

Comments (0)

There are no comments. Be the first!

Create an account to comment!